 Dungeon Crawl Stone Soup version 0.31-a0-267-g3fc6992b3b (webtiles) character file.

Game seed: 14927789878509693810

970 qw the Skirmisher (level 7, -1/61 HPs)
             Began as a Minotaur Hexslinger on July 14, 2023.
             Slain by an orc warrior
             ... wielding a +0 hand axe
              (11 damage)
             ... on level 6 of the Dungeon.
             The game lasted 00:01:27 (3597 turns).

qw the Skirmisher (Minotaur Hexslinger)             Turns: 3597, Time: 00:01:28

Health: -1/61      AC:  8    Str: 13    XL:     7   Next: 94%
Magic:  7/7        EV: 12    Int: 10    God:
Gold:   327        SH:  0    Dex: 20    Spells: 7/8 levels left

rFire   . . .        c - +1 sling (freeze)
rCold   . . .        (no shield)
rNeg    . . .        e - +0 ring mail
rPois   .            (helmet restricted)
rElec   .            (no cloak)
rCorr   .            a - +1 pair of gloves
SInv    .            b - +0 pair of boots
Will    +....        (no amulet)
Stlth   +            d - +6 ring of dexterity
HPRegen 0.30/turn    m - ring of willpower
MPRegen 0.10/turn

%: no passive effects
@: no status effects
A: horns 2, retaliatory headbutt
a: no special abilities


You were on level 6 of the Dungeon.
You visited 1 branch of the dungeon, and saw 6 of its levels.

You collected 327 gold pieces.


Innate Abilities, Weirdness & Mutations

You have a pair of horns on your head.
You reflexively headbutt those who attack you in melee.


   Skills:
 - Level 5.4 Fighting
 + Level 8.0 Ranged Weapons
 - Level 2.6 Armour
 - Level 3.5 Dodging
 - Level 1.0 Spellcasting
 - Level 2.0 Hexes


You had 7 spell levels left.
You knew the following spells:

 Your Spells              Type           Power      Damage    Failure   Level
a - Slow                  Hex            16%        N/A       30%         1

Your spell library contained the following spells:

 Spells                   Type           Power      Damage    Failure   Level
 Inner Flame              Hex/Fire       2%         N/A       80%         3
 Portal Projectile        Hex/Tloc       4%         N/A       80%         3
 Cause Fear               Hex            2%         N/A       97%         4

Inventory:

Hand Weapons
 c - a +1 sling of freezing (weapon)
Armour
 a - a +1 pair of gloves (worn)
 b - a +0 pair of boots (worn)
 e - a +0 ring mail (worn)
Jewellery
 d - a +6 ring of dexterity (left hand)
 m - a ring of willpower (right hand)
 Y - a ring of positive energy
Scrolls
 n - a scroll of identify
Potions
 f - 3 potions of heal wounds
 g - a potion of cancellation
 i - a potion of resistance {unknown}
 j - a potion of might {unknown}
 k - a potion of enlightenment
 l - a potion of haste {unknown}

Dungeon Overview and Level Annotations

Branches:
Dungeon (6/15)
 Temple: D:4-7

Altars:
Ru
Sif Muna
Trog
Vehumet

Shops:
D:2 :   D:5 [


Message History

The orc closely misses you. You furiously retaliate!
You headbutt the orc!
You kill the orc!
The orc warrior hits you with a +0 hand axe!
You shoot a sling bullet. The sling bullet hits the orc warrior.
The sling bullet freezes the orc warrior.
The orc warrior is severely wounded.
The orc hits you from afar with a +0 trident.
The orc warrior barely misses you.
You shoot a sling bullet.
The sling bullet hits the orc warrior but does no damage.
The orc warrior is severely wounded.
The orc warrior barely misses you. You furiously retaliate!
You headbutt the orc warrior, but do no damage.
The orc hits you from afar with a +0 trident.
You shoot a sling bullet.
The sling bullet hits the orc warrior but does no damage.
The orc warrior is severely wounded.
The orc barely misses you.
The orc warrior hits you with a +0 hand axe.
You shoot a sling bullet.
The sling bullet hits the orc warrior but does no damage.
The orc warrior is severely wounded.
The orc hits you from afar with a +0 trident.
The orc warrior misses you.
You shoot a sling bullet.
The sling bullet hits the orc warrior but does no damage.
The orc warrior is severely wounded.
The orc barely misses you. The orc warrior completely misses you.
You shoot a sling bullet.
The sling bullet hits the orc warrior but does no damage.
The orc warrior is severely wounded.
The orc barely misses you.
The orc warrior hits you with a +0 hand axe.
The orc warrior barely misses you. You furiously retaliate!
You headbutt the orc warrior. The orc closely misses you.
You shoot a sling bullet.
The sling bullet closely misses the orc warrior.
The orc hits you from afar with a +0 trident!
The orc warrior hits you with a +0 hand axe!
You die...

###.#######...#..............##
# #.#<#+#.###..........
#.#.+_+...##......##.
#.###'##...#.........
#.##...#.....##..#...
#.#..#.....###...##..
#.#.##.......#...#...
..#....[.....?)......
#)@######.....#..%. #o.#
#.....#.... #.o# #.#?..##.#.
#..# ...##..##### #..#
###..#..# #.)# #...... ...#
....# .#.. ...##


You could see an orc warrior and an orc.

Vanquished Creatures
  A sky beast (D:4)
  3 black bears
  2 phantoms
  A bullfrog (D:5)
  A jelly (D:6)
  3 hounds (D:5)
  3 orc wizards (D:5)
  An iguana (D:5)
  Robin (D:4)
  6 adders
  3 worms
  3 dart slugs
  11 orcs
  4 ball pythons
  5 endoplasms
  2 giant cockroaches (D:1)
  15 goblins
  8 hobgoblins
  6 kobolds
  4 quokkas
  4 bats
  2 frilled lizards (D:2)
  3 rats (D:2)
92 creatures vanquished.

Notes
Turn   | Place    | Note
-------+----------+-------------------------------------------
     0 | D:1      | qw the Minotaur Hexslinger began the quest for the Orb.
     0 | D:1      | Reached XP level 1. HP: 16/16 MP: 1/1
     0 | D:1      | 0 ||| qw: Version: 0.3-a-52-g30416fa
     0 | D:1      | 0 ||| qw: Game counter: 7819
     0 | D:1      | 0 ||| qw: Melee chars always use a shield: true
     0 | D:1      | 0 ||| qw: God list: Okawaru
     0 | D:1      | 0 ||| qw: Allow faded altars: false
     0 | D:1      | 0 ||| qw: Do Orc after clearing Dungeon:15 true
     0 | D:1      | 0 ||| qw: Do second Lair branch before Depths: true
     0 | D:1      | 0 ||| qw: Lair rune preference: random
     0 | D:1      | 0 ||| qw: Goals: Normal
     0 | D:1      | 0 ||| PLANNING D:1-11
    60 | D:1      | Found a faded altar of an unknown god.
   165 | D:1      | Reached skill level 3 in Ranged Weapons
   165 | D:1      | Reached XP level 2. HP: 23/23 MP: 2/2
   403 | D:1      | 403 ||| SWAPPING to +0 sling of freezing.
   404 | D:1      | 404 ||| DROPPING +1 sling.
   470 | D:1      | 470 ||| UPGRADING to +0 ring mail.
   480 | D:1      | 480 ||| DROPPING +0 robe.
   481 | D:1      | 481 ||| DROPPING amulet of magic regeneration.
   482 | D:1      | 482 ||| UPGRADING to +6 ring of dexterity.
   483 | D:1      | 483 ||| READING 2 scrolls labelled NUAWNULUOL.
   484 | D:1      | 484 ||| READING scroll labelled KEAZ GOHOGUGHUNY.
   485 | D:1      | 485 ||| READING scroll labelled DIEGUM GAOK.
   486 | D:1      | 486 ||| READING scroll labelled GICUGOUGGE.
   487 | D:1      | 487 ||| READING scroll labelled QAINEENUJA.
   488 | D:1      | 488 ||| DROPPING scroll of poison.
   643 | D:2      | Reached XP level 3. HP: 29/29 MP: 3/3
   700 | D:2      | Found Wuhofo's Book Boutique.
   782 | D:2      | Reached skill level 4 in Ranged Weapons
   887 | D:2      | Reached skill level 1 in Armour
  1216 | D:2      | 1216 ||| UPGRADING to +0 pair of gloves.
  1221 | D:2      | 1221 ||| UPGRADING to +0 pair of boots.
  1226 | D:2      | 1226 ||| READING 3 scrolls of identify.
  1226 | D:2      | 1226 ||| IDENTIFYING fizzy dark potion
  1227 | D:2      | 1227 ||| READING 2 scrolls of identify.
  1227 | D:2      | 1227 ||| IDENTIFYING brown potion
  1228 | D:2      | 1228 ||| DROPPING potion of brilliance.
  1342 | D:3      | Reached XP level 4. HP: 34/36 MP: 4/4
  1618 | D:3      | 1618 ||| READING scroll of enchant armour.
  1618 | D:3      | 1618 ||| ENCHANTING +0 pair of gloves.
  1708 | D:3      | 1708 ||| DROPPING ring of magical power.
  1709 | D:3      | 1709 ||| READING scroll labelled XASOL IH VAON.
  1710 | D:3      | 1710 ||| READING 2 scrolls of identify.
  1710 | D:3      | 1710 ||| IDENTIFYING purple potion
  1743 | D:4      | Noticed a sky beast
  1749 | D:4      | Killed a sky beast
  1750 | D:4      | Reached skill level 5 in Ranged Weapons
  1750 | D:4      | Reached XP level 5. HP: 41/41 MP: 5/5
  1826 | D:4      | Noticed a black bear
  1836 | D:4      | Killed a black bear
  1837 | D:4      | Reached XP level 6. HP: 48/52 MP: 6/6
  1949 | D:4      | Noticed Robin
  1952 | D:4      | Killed Robin
  1953 | D:4      | Reached skill level 6 in Ranged Weapons
  2456 | D:4      | 2456 ||| UPGRADING to ring of positive energy.
  2457 | D:4      | 2457 ||| READING scroll labelled NUMEKU GAECRAO.
  2458 | D:4      | 2458 ||| READING scroll labelled CUKAOXTO IGAE.
  2463 | D:4      | 2463 ||| READING 3 scrolls of identify.
  2463 | D:4      | 2463 ||| IDENTIFYING fizzy red potion
  2464 | D:4      | 2464 ||| READING 2 scrolls of identify.
  2464 | D:4      | 2464 ||| IDENTIFYING glowing puce potion
  2465 | D:4      | 2465 ||| DROPPING potion of degeneration.
  2504 | D:5      | Entered Level 5 of the Dungeon
  2535 | D:5      | 2535 ||| Stepping ~*~*~tactically~*~*~ (outnumbered).
  2538 | D:5      | 2538 ||| Stepping ~*~*~tactically~*~*~ (outnumbered).
  2543 | D:5      | Reached skill level 7 in Ranged Weapons
  2544 | D:5      | 2544 ||| FLEEEEING.
  2546 | D:5      | 2546 ||| FLEEEEING.
  2547 | D:5      | 2547 ||| FLEEEEING.
  2548 | D:5      | 2548 ||| FLEEEEING.
  2549 | D:5      | 2549 ||| FLEEEEING.
  2550 | D:5      | 2550 ||| FLEEEEING.
  2551 | D:5      | 2551 ||| FLEEEEING.
  2553 | D:5      | 2553 ||| STAIRDANCE
  2566 | D:4      | 2566 ||| FLEEEEING.
  2640 | D:5      | Reached XP level 7. HP: 59/59 MP: 7/7
  2712 | D:5      | Identified the +3 hand axe of the Feeding Moth {antimagic,
                  | Str+2 Int+2 Dex-5}
  2782 | D:5      | Found a radiant altar of Vehumet.
  2840 | D:5      | Reached skill level 3 in Dodging
  2947 | D:5      | HP: 12/59 [black bear (7)]
  2948 | D:5      | 2948 ||| DRINKING 2 potions of heal wounds.
  3200 | D:5      | Found a bloodstained altar of Trog.
  3227 | D:5      | Found a shimmering blue altar of Sif Muna.
  3278 | D:5      | Found Bayajidda's Dragon-Slaying Spoils.
  3285 | D:5      | 3285 ||| SHOPLISTING +0 acid dragon scales (560 gold, have
                  | 302).
  3285 | D:5      | 3285 ||| SHOPLISTING +1 swamp dragon scales (798 gold, have
                  | 302).
  3285 | D:5      | 3285 ||| SHOPLISTING +2 steam dragon scales (728 gold, have
                  | 302).
  3285 | D:5      | 3285 ||| SHOPLISTING quicksilver dragon scales (840 gold,
                  | have 302).
  3354 | D:5      | 3354 ||| UPGRADING to ring of willpower.
  3356 | D:5      | 3356 ||| READING 2 scrolls of identify.
  3356 | D:5      | 3356 ||| IDENTIFYING black potion
  3357 | D:5      | 3357 ||| DROPPING potion of attraction.
  3395 | D:6      | 3395 ||| PLANNING OSSUARY
  3398 | D:6      | 3398 ||| STAIRDANCE
  3402 | D:5      | Reached skill level 8 in Ranged Weapons
  3576 | D:6      | Found a sacrificial altar of Ru.
  3597 | D:6      | HP: 10/61 [orc/+0 trident (7)]
  3597 | D:6      | Slain by an orc warrior

Levels and vault maps discovered:
D:1:      mushboom_english_gardens, layout_basic,
          ebering_ecumenical_altar_sacrificial
D:2:      layout_basic, serial_shops, shop, kennysheep_generic_room_9
D:3:      layout_rooms, minmay_fractal_squares_gapless_5
D:4:      layout_loops_ring, minmay_fountain_box, uniq_robin
D:5:      layout_basic, mainiacjoe_overflow_catwalk_spiral,
          lemuel_crystal_altar, nicolae_shop_dragon_depot
D:6:      nicolae_cairo_tiling_very_big, layout_cave_pools, kennysheep_mini,
          minmay_temple_entry_statues_fountains, enter_ossuary_4,
          roderic_nine_men_s_morris, minivault_25, grunt_decor_fettered

Skill      XL: |  1  2  3  4  5  6  7 |
---------------+----------------------+-----
Ranged Weapons | 3 4 5 7 8 |  8.0
Fighting       | 2 4 5 |  5.4
Armour         | 1 2 |  2.6
Dodging        | 3 |  3.5
Spellcasting   | |  1.0
Hexes          | |  2.0

Action                     |  1- 3 |  4- 6 |  7- 9 || total
---------------------------+-------+-------+-------++-------
   Fire: Sling             |   104 |   105 |    86 ||   295
    Use: Scroll            |     7 |     7 |     1 ||    15
         Potion            |       |       |     1 ||     1
 Armour: Robe              |     1 |       |       ||     1
         Ring mail         |     9 |    29 |    27 ||    65
  Dodge: Dodged            |    21 |    38 |    55 ||   114

Table legend:
 A = Non-vault XP
 B = Vault XP
 C = Vault XP percentage of total XP
 D = Non-vault monster count
 E = Vault monster count
 F = Vault count percentage of total count
                 A         B        C        D         E       F
            +---------+---------+-------+---------+---------+-------
      Total |    1338 |      48 |   3.5 |      73 |      19 |  20.7
            +---------+---------+-------+---------+---------+-------
        D:1 |      27 |       0 |   0.0 |      12 |       0 |   0.0
        D:2 |      63 |       3 |   4.5 |      20 |       2 |   9.1
        D:3 |      13 |      10 |  43.5 |       7 |       5 |  41.7
        D:4 |     398 |      35 |   8.1 |       8 |      12 |  60.0
        D:5 |     644 |       0 |   0.0 |      19 |       0 |   0.0
        D:6 |     193 |       0 |   0.0 |       7 |       0 |   0.0
            +---------+---------+-------+---------+---------+-------
